 Dungeon Crawl Stone Soup version 0.28-a0-1555-g9ae15a6949 (webtiles) character file.

Game seed: 11973842440106486231

1713 HallandMoats the Skirmisher (level 9, -7/79 HPs)
             Began as a Ghoul Fighter on Jan 18, 2022.
             Mangled by a two-headed ogre (24 damage)
             ... on level 6 of the Dungeon.
             The game lasted 00:06:23 (4960 turns).

HallandMoats the Skirmisher (Ghoul Fighter)         Turns: 4960, Time: 00:06:23

Health: -7/79      AC: 12    Str: 20    XL:     9   Next: 4%
Magic:  8/8        EV:  6    Int:  5    God:
Gold:   294        SH:  4    Dex: 10    Spells: 8/8 levels left

rFire   + . .      SeeInvis .   o - +1 short sword (elec)
rCold   + . .      Faith    .   c - +0 buckler
rNeg    + + +      Spirit   .   i - +0 plate armour
rPois   ∞          Reflect  .   (no helmet)
rElec   .          Harm     .   (no cloak)
rCorr   .          Rampage  .   (no gloves)
Will    .....                   (no boots)
Stlth   ..........              (no amulet)
HPRegen 0.00/turn               s - +4 ring of slaying
MPRegen 0.11/turn               w - ring of protection from fire

@: inhibited regen
A: claws 1, cold resistance 1, negative energy resistance 3, inhibited
regeneration, torment resistance 2
a: no special abilities


You were on level 6 of the Dungeon.
You visited 1 branch of the dungeon, and saw 6 of its levels.

You collected 294 gold pieces.

Inventory:

Hand Weapons
 a - a +0 war axe
 f - a +2 dagger of protection
 o - a +1 short sword of electrocution (weapon)
Missiles
 l - a throwing net
 t - 4 poisoned darts (quivered)
Armour
 c - a +0 buckler (worn)
 i - a +0 plate armour (worn)
Jewellery
 s - a +4 ring of slaying (left claw)
 w - a ring of protection from fire (right claw)
 A - an amulet of faith
Wands
 q - a wand of iceblast (4)
 y - a wand of polymorph (7)
Scrolls
 h - 4 scrolls of identify {unknown}
 k - 2 scrolls of teleportation {unknown}
 n - a scroll of enchant weapon {unknown}
 r - 2 scrolls of immolation {unknown}
 u - a scroll of silence {unknown}
 v - a scroll of fog {unknown}
 z - a scroll of brand weapon {unknown}
Potions
 b - a potion of attraction {unknown}
 e - 2 potions of brilliance {unknown}
 g - 3 potions of curing {unknown}
 j - a potion of cancellation {unknown}
 m - a potion of heal wounds
 p - a potion of degeneration {unknown}
 x - a potion of flight {unknown}


   Skills:
 * Level 7.4 Fighting
 * Level 5.7 Axes
 + Level 4.6 Armour
 + Level 3.5 Dodging
 + Level 4.7 Shields


You had 8 spell levels left.
You didn't know any spells.
Your spell library contained the following spells:

 Spells                   Type           Power      Damage    Failure   Level
 Foxfire                  Conj/Fire      0%         2x1d4     100%        1
 Magic Dart               Conj           0%         1d3       100%        1
 Call Imp                 Summ           0%         N/A       100%        2
 Call Canine Familiar     Summ           0%         N/A       100%        3
 Conjure Flame            Conj/Fire      0%         6-21      100%        3
 Gell's Gravitas          Tloc           0%         N/A       100%        3
 Inner Flame              Hex/Fire       0%         N/A       100%        3
 Lesser Beckoning         Tloc           0%         N/A       100%        3
 Mephitic Cloud           Conj/Pois/Air  0%         N/A       100%        3
 Portal Projectile        Hex/Tloc       0%         N/A       100%        3
 Teleport Other           Tloc           0%         N/A       100%        3
 Tukima's Dance           Hex            0%         N/A       100%        3
 Flame Wave               Conj/Fire      0%         2d4       100%        4
 Leda's Liquefaction      Hex/Erth       0%         N/A       100%        4
 Passage of Golubria      Tloc           0%         N/A       100%        4
 Yara's Violent Unravell  Hex/Tmut       0%         3d3       100%        5
 Summon Hydra             Summ           0%         N/A       100%        7
 Sublimation of Blood     Necr           Unusable   N/A       N/A         2
 Wereblood                Tmut           Unusable   N/A       N/A         2

Dungeon Overview and Level Annotations

Branches:
Dungeon (6/15)
 Temple: D:4-7

Altars:
Dithmenos
Uskayaw


Innate Abilities, Weirdness & Mutations

You thrive by killing the living.
You are immune to poison.
You have sharp fingernails.
Your flesh is cold resistant. (rC+)
You are immune to negative energy. (rN+++)
You do not regenerate when monsters are visible.
You are immune to unholy pain and torment.


Message History

Throw: 7 darts (poison)
Press: ? - help, Q - select action, (/) - cycle Shift-Dir - straight line, f - two-headed ogre
Aim: a two-headed ogre, wielding a +0 giant club and a +0 dire flail (77% to hit)
You throw a poisoned dart.
The poisoned dart barely misses the two-headed ogre.
Throw: 6 darts (poison)
Press: ? - help, Q - select action, (/) - cycle Shift-Dir - straight line, f/p - two-headed ogre
Aim: a two-headed ogre, wielding a +0 giant club and a +0 dire flail (77% to hit)
You throw a poisoned dart.
The poisoned dart hits the two-headed ogre.
The two-headed ogre is poisoned.
Throw: 5 darts (poison)
Press: ? - help, Q - select action, (/) - cycle Shift-Dir - straight line, f/p - two-headed ogre
Aim: a two-headed ogre, wielding a +0 giant club and a +0 dire flail (poisoned, 77% to hit)
You throw a poisoned dart.
The poisoned dart hits the two-headed ogre.
The two-headed ogre looks even sicker.
The two-headed ogre barely misses you.
The two-headed ogre hits you with a +0 dire flail!
You hit the two-headed ogre.
Lightning courses through the two-headed ogre!
The two-headed ogre is moderately wounded.
The two-headed ogre hits you with a +0 giant club!
The two-headed ogre hits you but does no damage.
You closely miss the two-headed ogre.
The two-headed ogre is moderately wounded.
You puncture the two-headed ogre!
The two-headed ogre is heavily wounded.
The two-headed ogre barely misses you.
The two-headed ogre hits you with a +0 dire flail!
You puncture the two-headed ogre!
The two-headed ogre is heavily wounded.
The two-headed ogre hits you with a +0 giant club!
The two-headed ogre hits you with a +0 dire flail!
* * * LOW HITPOINT WARNING * * *
You hit the two-headed ogre.
Lightning courses through the two-headed ogre!!
The two-headed ogre is almost dead.
The two-headed ogre hits you with a +0 giant club!!
You die...

#####.#..#######)))....
.......#.# #...#####
###....## #...# ##.#.#
#...# #.#.# #...# #.#.#
#...# #.#.# #....
#.#.#######....
#O@........
#(...?.......
#..............
#(......#######
#.......# ##......#
#.###### #.


You could see a two-headed ogre (very poisoned).

Vanquished Creatures
  A two-headed ogre (D:5)
  Sigmund (D:5)
  Menkaure (D:5)
  A water moccasin (D:3)
  A bullfrog (D:5)
  A scorpion (D:3)
  A wyvern skeleton (D:5)
  4 orc priests
  A bullfrog skeleton (D:5)
  2 hounds (D:4)
  Ijyb (D:3)
  5 orc wizards
  7 adders
  4 gnolls (D:3)
  A white imp (D:5)
  A dart slug (D:2)
  12 orcs
  6 bats
  10 endoplasms
  3 giant cockroaches
  11 goblins
  8 hobgoblins
  10 jackals
  3 quokkas
  6 ball pythons
  3 frilled lizards (D:1)
  4 kobolds
  5 rats
114 creatures vanquished.

Vanquished Creatures (others)
  5 toadstools (D:1)
5 creatures vanquished.

Grand Total: 119 creatures vanquished

Notes
Turn   | Place    | Note
-------+----------+-------------------------------------------
     0 | D:1      | HallandMoats the Ghoul Fighter began the quest for the Orb.
     0 | D:1      | Reached XP level 1. HP: 19/19 MP: 0/0
   116 | D:1      | Reached XP level 2. HP: 25/26 MP: 1/1
  1015 | D:2      | Reached XP level 3. HP: 33/33 MP: 2/2
  1502 | D:2      | Reached XP level 4. HP: 40/40 MP: 3/3
  1702 | D:3      | Reached skill level 4 in Fighting
  1777 | D:3      | Noticed Ijyb
  1789 | D:3      | Killed Ijyb
  1790 | D:3      | Reached skill level 1 in Dodging
  1824 | D:3      | Found a hide-covered altar of Uskayaw.
  1882 | D:3      | Reached XP level 5. HP: 43/47 MP: 4/4
  2172 | D:3      | Reached XP level 6. HP: 26/53 MP: 5/5
  2347 | D:3      | Noticed a water moccasin
  2360 | D:3      | Killed a water moccasin
  2361 | D:3      | Reached skill level 5 in Fighting
  2543 | D:3      | Found a shadowy altar of Dithmenos.
  3184 | D:3      | Reached XP level 7. HP: 53/61 MP: 6/6
  3638 | D:5      | Entered Level 5 of the Dungeon
  3763 | D:5      | Noticed a two-headed ogre
  3783 | D:5      | Noticed Menkaure
  4100 | D:5      | Noticed Sigmund
  4106 | D:5      | Killed Sigmund
  4107 | D:5      | Reached skill level 6 in Fighting
  4107 | D:5      | Reached XP level 8. HP: 63/70 MP: 7/7
  4203 | D:5      | Killed Menkaure
  4475 | D:5      | Killed a two-headed ogre
  4476 | D:5      | Reached skill level 7 in Fighting
  4476 | D:5      | Reached skill level 5 in Axes
  4476 | D:5      | Reached XP level 9. HP: 42/79 MP: 8/8
  4951 | D:6      | Noticed a two-headed ogre
  4960 | D:6      | Mangled by a two-headed ogre

Illustrated notes

Levels and vault maps discovered:
D:1:      dpeg_arrival_subterranean_lakeside_camping, layout_rooms,
          chequers_serial_rivers_micro_e, corexii_hall_statues_deadend,
          minmay_gold_behind_fungi, minivault_25
D:2:      layout_basic
D:3:      layout_basic, mainiacjoe_overflow_six_doors_small,
          kennysheep_flooded_box, uniq_ijyb
D:4:      cheibrodos_pilgrimage, layout_rooms
D:5:      layout_basic, corexii_hall_statues_x, grunt_decor_junction,
          uniq_menkaure, uniq_sigmund
D:6:      layout_loops_cross, gup_sewer_entry_pipe, serial_shops, shop,
          minmay_liquid_box

Skill      XL: |  1  2  3  4  5  6  7  8 |
---------------+-------------------------+-----
Axes           | 2 3 4 5 |  5.7
Shields        | 3 4 |  4.7
Armour         | 3 4 |  4.6
Fighting       | 4 5 6 7 |  7.4
Dodging        | 1 2 3 |  3.5

Action                   |  1- 3 |  4- 6 |  7- 9 || total
-------------------------+-------+-------+-------++-------
Melee: War axe           |    24 |       |       ||    24
       Dagger            |   130 |       |       ||   130
       Short sword       |       |   157 |   105 ||   262
Throw: Dart              |       |       |     7 ||     7
  Use: Potion            |       |     1 |     1 ||     2
Armor: Scale mail        |    31 |       |       ||    31
       Plate armour      |    88 |   141 |    59 ||   288
Dodge: Dodged            |    67 |    50 |    30 ||   147
Block: Buckler           |    40 |    41 |    30 ||   111

Table legend: (Time is in decaauts)
 A = Elapsed time spent in this place.
 B = Non-inter-level travel time spent in this place.
 C = Inter-level travel time spent in this place.
 D = Time resting spent in this place.
 E = Time spent auto-exploring this place.
 F = Levels seen in this place.
 G = Mean time per level.
                   A        B        C        D        E       F      G
               +--------+--------+--------+--------+--------+-----+--------+
         Total |   5017 |   4809 |    208 |     53 |   3775 |   6 |  836.2 |
       Dungeon |   5017 |   4809 |    208 |     53 |   3775 |   6 |  836.2 |
               +--------+--------+--------+--------+--------+-----+--------+

Top non-repeatable levels by time:
     D:3: 1393 daAuts
     D:5: 1071 daAuts
     D:1: 986 daAuts
     D:4: 794 daAuts
     D:2: 724 daAuts
     D:6: 47 daAuts
